 Dungeon Crawl Stone Soup version 0.29.1-1-gd02db6906a (webtiles) character file.

Game seed: 6492127926807592321

2562 croobank the Caller (level 9, 0/59 HPs)
             Began as an Octopode Summoner on Sept 29, 2022.
             Slain by an orc warrior
             ... wielding a +0 morningstar
              (23 damage)
             ... on level 6 of the Dungeon.
             The game lasted 00:36:34 (8220 turns).

croobank the Caller (Octopode Summoner)             Turns: 8220, Time: 00:36:35

Health: 0/59       AC:  1    Str:  7    XL:     9   Next: 56%
Magic:  9/16       EV: 15    Int: 21    God:
Gold:   321        SH:  0    Dex: 13    Spells: 5/18 levels left

rFire   . . .      SeeInvis .   E - +10 flail "Simnugg" {pain, rN++}
rCold   . . .      Faith    .   w - orb {light}
rNeg    + + .      Spirit   .   (helmet restricted)
rPois   .          Reflect  .   a - amulet of regeneration
rElec   .          Harm     .   (no ring)
rCorr   .          Rampage  .   (no ring)
Will    .....                   (no ring)
Stlth   ++........              (no ring)
HPRegen 0.99/turn               (no ring)
MPRegen 0.15/turn               (no ring)
                                (no ring)
                                (no ring)

@: glowing
A: almost no armour, amphibious, 8 rings, camouflage 1, gelatinous body 1,
(nimble swimmer 1), tentacles
a: no special abilities


You were on level 6 of the Dungeon.
You visited 1 branch of the dungeon, and saw 7 of its levels.
You also visited: Ossuary.

You collected 321 gold pieces.

Inventory:

Hand Weapons
 b - a +0 short sword
 y - a +0 war axe
 A - a +3 short sword of flaming
 E - the +10 flail "Simnugg" (weapon) {pain, rN++}
   (You found it on level 5 of the Dungeon)

   In the hands of one skilled in necromantic magic, it inflicts extra damage on
   living creatures.
   rN:        It greatly protects you from negative energy.
Missiles
 t - a throwing net
Armour
 w - an orb of light (worn)
Magical Staves
 f - a staff of earth
 o - a staff of air
Jewellery
 a - an amulet of regeneration (around mantle)
 g - a ring of ice
Wands
 p - a wand of polymorph (8)
 v - a wand of quicksilver (3)
 F - a wand of roots (14)
 G - a wand of paralysis (13)
Scrolls
 d - 4 scrolls of identify
 h - 3 scrolls of teleportation {unknown}
 i - 5 scrolls of enchant armour
 j - 3 scrolls of enchant weapon
 l - a scroll of brand weapon {unknown}
 q - a scroll of torment
 u - a scroll of blinking
 B - a scroll of immolation {unknown}
 I - a scroll of amnesia {unknown}
Potions
 c - 2 potions of heal wounds
 e - 2 potions of brilliance
 k - a potion of might
 m - 2 potions of lignification
 n - 2 potions of resistance
 r - 2 potions of haste
 s - 4 potions of curing
 x - 2 potions of attraction
 z - 2 potions of mutation
 C - a potion of magic
 D - a potion of flight
 H - a potion of invisibility {unknown}


   Skills:
 + Level 4.5 Fighting
 + Level 5.5 Dodging
 - Level 5.4 Stealth
 + Level 5.1 Spellcasting
 + Level 4.4 Hexes
 + Level 6.6 Summonings
 + Level 4.6 Air Magic


You had 5 spell levels left.
You knew the following spells:

 Your Spells              Type           Power      Damage    Failure   Level
a - Summon Small Mammal   Summ           100%       N/A       1%          1
b - Call Imp              Summ           33%        N/A       1%          2
c - Call Canine Familiar  Summ           33%        N/A       2%          3
d - Summon Guardian Gole  Hex/Summ       28%        N/A       3%          3
e - Summon Lightning Spi  Summ/Air       28%        N/A       11%         4

Your spell library contained the following spells:

 Spells                   Type           Power      Damage    Failure   Level
 Slow                     Hex            92%        N/A       1%          1
 Swiftness                Air            24%        N/A       4%          3
 Confusing Touch          Hex            23%        N/A       5%          3
 Ensorcelled Hibernation  Hex/Ice        28%        N/A       7%          2
 Beastly Appendage        Tmut           10%        N/A       11%         1
 Passwall                 Tmut/Erth      4%         N/A       16%         2
 Wereblood                Tmut           5%         N/A       16%         2
 Summon Ice Beast         Ice/Summ       19%        N/A       26%         4
 Conjure Flame            Conj/Fire      5%         6-21      32%         3
 Frozen Ramparts          Ice            10%        1d2       32%         3
 Gell's Gravitas          Tloc           5%         N/A       32%         3
 Ignite Poison            Fire/Tmut/Pois 5%         N/A       32%         3
 Spider Form              Tmut/Pois      5%         N/A       32%         3
 Teleport Other           Tloc           5%         N/A       32%         3
 Vampiric Draining        Necr           5%         2d6       32%         3
 Anguish                  Hex/Necr       7%         N/A       41%         4
 Ice Form                 Ice/Tmut       5%         N/A       71%         4
 Sticky Flame             Conj/Fire      5%         2d3       71%         4
 Dispersal                Tloc           2%         N/A       100%        6


Dungeon Overview and Level Annotations

Branches:
Dungeon (7/15)            Ossuary (visited)
 Temple: D:4-7

Altars:
Dithmenos
Fedhas
Qazlal
Ru
Trog
Vehumet
Yredelemnul

Annotations:
D:5 3 runed translucent doors, Rudyous's ghost, amateur GnBe
D:6 3 runed translucent doors, Iamsock's ghost, novice GnWn


Innate Abilities, Weirdness & Mutations

You cannot wear most types of armour.
You are amphibious.
You can wear up to eight rings at the same time.
Your skin changes colour to match your surroundings (Stealth+).
Your rubbery body absorbs attacks. (AC +1, EV +1)
((You are camouflaged when in or above water. (Stealth+)))
You have tentacles for arms and can constrict up to eight enemies at once.


Message History

Your hound bites the orc warrior but does no damage. x2
The orc warrior completely misses your hound.
The orc wizard barely misses your hound.
The orc wizard casts a spell at you.
You easily resist.
You hit the orc wizard.
You squeeze the orc wizard, but do no damage.
The orc wizard is severely wounded.
You constrict the orc wizard.
Your hound closely misses the orc warrior.
The orc wizard hits your hound with a +0 dagger.
The orc warrior hits your hound with a +0 morningstar!
The orc wizard gestures wildly while chanting.
The orc wizard flickers and vanishes for a moment.
Your hound barely misses the orc wizard.
You hit the orc wizard.
You kill the orc wizard!
Your hound closely misses the orc wizard.
The orc warrior hits your hound with a +0 morningstar!!
Your hound dies!
Your hound's corpse disappears in a puff of smoke!
You barely miss the orc wizard. You grab the orc wizard.
You squeeze the orc wizard!
The orc wizard is heavily wounded.
You constrict the orc wizard, but do no damage.
The orc wizard misses you.
You sock the orc wizard!
You kill the orc wizard!
The orc warrior completely misses you.
The orc warrior hits you with a +0 morningstar!
Casting: Call Canine Familiar (dangerous; 2% risk of failure)
Confirm with . or Enter, or press ? or * to list all spells.
The orc warrior barely misses you.
The orc warrior attacks as you move away!
The orc warrior hits you with a +0 morningstar!
Your hound barely misses the orc warrior.
Your hound bites the orc warrior.
Your hound bites the orc warrior but does no damage.
The orc warrior hits you with a +0 morningstar!!
You die...

#..## ##.# #..).## ....###..##
###.))..# .....#....###..##)###
.......##..#...)...#
...#...#..........##### #####
..###............)....# #...##
.####.................###....#
.###...............#..#......##
###............h@..#..........###
#...###......)9o.....#..........#
#....##>....>###.#..##.....###...
(.....#.##...#####.###.....##....
..............###..##............
......#.....#..###.#........##..#
.........####......#............#
.....##...####................###
.....##....#..........#......###


You could see an orc warrior (ally target), a friendly guardian golem (summoned)
and a friendly hound (summoned, sheltered).

Vanquished Creatures
  A wraith (Ossuary)
  A centaur (D:4)
  A bullfrog (D:6)
  2 necrophages
  An orc priest (D:4)
  A human zombie (D:5)
  4 orc wizards
  8 gnolls
  3 adders
  A shadow imp (D:6)
  A white imp (D:5)
  2 orcs
  3 bats
  2 endoplasms
  2 giant cockroaches
  2 goblins
  2 hobgoblins
  2 jackals
  A quokka (D:5)
  A gnoll skeleton (Ossuary)
  2 kobolds (D:4)
  An orc skeleton (Ossuary)
44 creatures vanquished.

Vanquished Creatures (collateral kills)
  A yak (D:6)
  An ogre (D:6)
  2 black bears
  3 elf skeletons (D:5)
  4 orc priests
  4 hounds
  2 jellies (D:6)
  A human skeleton (D:5)
  2 orc wizards (D:4)
  A mummy (Ossuary)
  4 gnolls
  4 adders
  A white imp (D:4)
  2 dart slugs
  13 orcs
  2 bats (D:2)
  8 endoplasms
  A giant cockroach (D:1)
  6 goblins
  2 hobgoblins (D:3)
  3 jackals
  A quokka (D:3)
  5 ball pythons
  2 frilled lizards (D:1)
  11 gnoll skeletons (Ossuary)
  8 kobolds
  4 kobold skeletons (Ossuary)
  8 orc skeletons (Ossuary)
  An orc zombie (D:5)
  4 rats
111 creatures vanquished.

Vanquished Creatures (others)
  3 yaks (D:6)
  A scorpion (D:5)
  3 killer bees (D:5)
  A howler monkey (D:5)
  A hound (D:5)
  An iguana (D:5)
  An adder (D:5)
  A white imp (D:5)
  3 orcs (D:5)
  A fungus (D:5)
  3 plants (D:5)
19 creatures vanquished.

Grand Total: 174 creatures vanquished

Notes
Turn   | Place    | Note
-------+----------+-------------------------------------------
     0 | D:1      | croobank the Octopode Summoner began the quest for the Orb.
     0 | D:1      | Reached XP level 1. HP: 11/11 MP: 3/3
   199 | D:1      | Reached XP level 2. HP: 16/17 MP: 5/5
   202 | D:1      | Learned a level 2 spell: Call Imp
   872 | D:1      | Found a faded altar of an unknown god.
   946 | D:1      | Reached XP level 3. HP: 20/21 MP: 2/6
   950 | D:1      | Learned a level 3 spell: Call Canine Familiar
  2372 | D:3      | Reached XP level 4. HP: 27/27 MP: 0/7
  2695 | D:3      | Found a faded altar of an unknown god.
  2700 | D:3      | Found a bloodstained altar of Trog.
  3270 | D:3      | Reached XP level 5. HP: 26/31 MP: 2/9
  3836 | D:4      | Reached skill level 1 in Air Magic
  3842 | D:4      | Reached skill level 1 in Fighting
  3842 | D:4      | Reached XP level 6. HP: 23/38 MP: 2/10
  4105 | D:4      | Learned a level 3 spell: Summon Guardian Golem
  4151 | D:4      | Noticed a black bear
  4174 | D:4      | Killed a black bear
  4175 | D:4      | Reached skill level 5 in Stealth
  4175 | D:4      | Reached skill level 5 in Summonings
  4437 | D:4      | Reached skill level 1 in Hexes
  4437 | D:4      | Reached XP level 7. HP: 22/44 MP: 2/12
  4620 | D:4      | Found a stormy altar of Qazlal.
  4712 | D:4      | Found a radiant altar of Vehumet.
  4868 | D:4      | Found a sacrificial altar of Ru.
  4869 | D:4      | Found a blossoming altar of Fedhas.
  4869 | D:4      | Found a basalt altar of Yredelemnul.
  4870 | D:4      | Found a shadowy altar of Dithmenos.
  5417 | D:5      | Entered Level 5 of the Dungeon
  5690 | D:5      | Reached XP level 8. HP: 34/51 MP: 9/13
  5940 | D:5      | Found a sand-covered staircase.
  5953 | Ossuary  | Entered an ossuary
  5953 | Ossuary  | Noticed a wraith
  5953 | Ossuary  | Noticed a wraith
  5953 | Ossuary  | Noticed a wraith
  6059 | Ossuary  | Noticed a wraith
  6118 | Ossuary  | Killed a wraith
  6850 | D:5      | Identified the +10 flail "Simnugg" {pain, rN++}
  7050 | D:5      | Found a runed translucent gate.
  7052 | D:5      | Found a runed translucent gate.
  7054 | D:5      | Found a runed translucent gate.
  7056 | D:5      | Noticed Rudyous's ghost (amateur GnBe)
  7242 | D:6      | Noticed a yak
  7251 | D:6      | Noticed a yak
  7252 | D:6      | Noticed a yak
  7253 | D:6      | Noticed a yak
  7351 | D:6      | Reached skill level 6 in Summonings
  7570 | D:6      | Reached skill level 5 in Dodging
  7570 | D:6      | Reached XP level 9. HP: 58/58 MP: 8/15
  7580 | D:6      | Found a runed translucent gate.
  7658 | D:6      | Found a runed translucent gate.
  7659 | D:6      | Found a runed translucent gate.
  7659 | D:6      | Noticed Iamsock's ghost (novice GnWn)
  7785 | D:6      | Learned a level 4 spell: Summon Lightning Spire
  7803 | D:6      | Reached skill level 5 in Spellcasting
  8220 | D:6      | Slain by an orc warrior

Illustrated notes

Levels and vault maps discovered:
D:1:      dpeg_arrival_ternary, layout_loops_cross,
          chequers_ecumenical_altar_grove
D:2:      layout_loops_cross
D:3:      layout_rooms, nicolae_overflow_ecumenical_swirl,
          minmay_misc_feat_roman, roderic_lattice_a
D:4:      layout_basic, grunt_qazlal_clouds, nicolae_vehumet_radiance,
          chequers_temple_overflow_statue_of_worship, serial_rivers,
          chequers_serial_rivers_micro_c, chequers_serial_rivers_micro_b,
          chequers_serial_rivers_room_b, chequers_serial_rivers_room_b,
          chequers_serial_rivers_micro_c, minmay_splitting_lines
D:5:      layout_basic, gammafunk_ghost_nasty_kobolds,
          nicolae_ossuary_entry_catacombs, chequers_serial_rivers_micro_e
D:6:      layout_cave_pools, ebering_ghost_rock_garden
D:7:      layout_cave_pods, kennysheep_mini, minmay_temple_entry_overgrown,
          minmay_crossroads

Skill      XL: |  1  2  3  4  5  6  7  8  9 |
---------------+----------------------------+-----
Stealth        | 3 4 5 |  5.4
Dodging        | 3 4 5 |  5.5
Spellcasting   | 3 4 5 |  5.1
Air Magic      | 1 2 3 4 |  4.6
Fighting       | 1 2 3 4 |  4.5
Summonings     | 5 6 |  6.6
Hexes          | 1 2 3 4 |  4.4

Action                   |  1- 3 |  4- 6 |  7- 9 || total
-------------------------+-------+-------+-------++-------
Melee: Short sword       |    25 |    23 |    27 ||    75
       Constrict         |     9 |     4 |    17 ||    30
       Tentacles         |     3 |     8 |    13 ||    24
       Flail             |       |       |    23 ||    23
       Punch             |       |       |     1 ||     1
 Cast: Summon Small Mamm |    42 |    27 |    43 ||   112
       Call Imp          |    14 |    13 |    20 ||    47
       Call Canine Famil |     4 |    15 |    27 ||    46
       Summon Guardian G |       |       |    22 ||    22
Evoke: Wand              |       |     1 |     7 ||     8
  Use: Potion            |       |     2 |     1 ||     3
       Scroll            |       |       |    17 ||    17
 Stab: Sleeping          |       |       |     1 ||     1
       Distracted        |       |       |     1 ||     1
Armor: Skin              |    11 |     4 |     6 ||    21
Dodge: Dodged            |    37 |    40 |    39 ||   116
